 Dungeon Crawl Stone Soup version 0.21.1-1-g345015f (webtiles) character file.

10931 Mesmaeker13 the Fighter (level 11, 0/99 HPs)
             Began as a Demigod Wanderer on Mar 2, 2018.
             Slain by a red ugly thing (20 damage)
             ... on level 11 of the Dungeon.
             The game lasted 00:19:58 (12606 turns).

Mesmaeker13 the Fighter (Demigod Wanderer)         Turns: 12606, Time: 00:19:58

Health: 0/99       AC: 29    Str: 22    XL:     11   Next: 19%
Magic:  16/16      EV: 10    Int: 15    God:
Gold:   199        SH:  5    Dex: 18    Spells: 10/10 levels left

rFire    . . .     SeeInvis +   f - +1 war axe
rCold    . . .     Gourm    .   c - +0 buckler
rNeg     . . .     Faith    .   r - +6 plate armour of Ujic {*Contam rElec rPois SInv}
rPois    +         Spirit   .   k - +0 helmet "Vabaturph" {Dex+3}
rElec    +         Reflect  .   h - +0 cloak
rCorr    .         Harm     .   D - +1 pair of gloves
MR       +....                  a - +2 pair of boots {Stlth+}
Stlth    ..........             (no amulet)
HPRegen  0.26/turn              v - ring of see invisible
MPRegen  0.15/turn              s - ring "Usocvuha" {+Inv rElec EV+2}

@: about to teleport
A: claws 1, high mp 1, sturdy frame 1
a: Evoke Invisibility


You were on level 11 of the Dungeon.
You were hungry.

You visited 1 branch of the dungeon, and saw 11 of its levels.

You collected 420 gold pieces.
You spent 221 gold pieces at shops.

Inventory:

Hand Weapons
 f - a +1 war axe (weapon)
 l - the +9 falchion "Duvveach" {freeze, rF+ rC+, unknown}
   (You found it on level 11 of the Dungeon)

   It has been specially enchanted to freeze those struck by it, causing extra
   injury to most foes and up to half again as much damage against particularly
   susceptible opponents.
   It can also slow down cold-blooded creatures.
   It protects you from fire.
   It protects you from cold.
 o - a +0 longbow
 J - a cursed -3 morningstar
Missiles
 t - 13 javelins (quivered)
Armour
 a - a +2 pair of boots of stealth (worn)
 c - a +0 buckler (worn)
 h - a +0 cloak (worn)
 k - the +0 helmet "Vabaturph" (worn) {Dex+3}
   (You found it on level 7 of the Dungeon)

   It affects your dexterity (+3).
 r - the +6 plate armour of Ujic (worn) {*Contam rElec rPois SInv}
   (You found it on level 7 of the Dungeon)

   It insulates you from electricity.
   It protects you from poison.
   It lets you see invisible.
   It causes magical contamination when unequipped.
 D - a +1 pair of gloves (worn)
Jewellery
 g - an uncursed ring of protection from cold
 s - the ring "Usocvuha" (right hand) {+Inv rElec EV+2}
   (You found it on level 7 of the Dungeon)

   [ring of evasion]

   It affects your evasion (+2).
   It insulates you from electricity.
   It lets you turn invisible.
 v - a ring of see invisible (left hand)
Wands
 E - a wand of digging (13)
 H - a wand of paralysis (11)
Scrolls
 i - 2 scrolls of fear
 j - 2 scrolls of amnesia
 m - 2 scrolls of magic mapping
 w - 2 scrolls of blinking
 y - 4 scrolls of fog
 z - 3 scrolls of teleportation
 B - 9 scrolls of remove curse
 L - 2 scrolls of holy word
Potions
 b - 2 potions of brilliance {unknown}
 e - 3 potions of curing
 q - 2 potions of heal wounds {unknown}
 A - a potion of might
 G - 2 potions of mutation
 I - a potion of resistance
Books
 p - a book of Fire

   Spells                             Type                      Level
   a - Ignite Poison                  Fire/Transmutation/Poison    3
   b - Fireball                       Conjuration/Fire             5
   c - Bolt of Fire                   Conjuration/Fire             6
   d - Ring of Flames                 Charms/Fire                  7
   e - Ignition                       Fire                         8
 x - a book of Battle

   Spells                             Type                      Level
   a - Infusion                       Charms                       1
   b - Shroud of Golubria             Charms/Translocation         2
   c - Song of Slaying                Charms                       2
   d - Spectral Weapon                Hexes/Charms                 3
   e - Regeneration                   Charms/Necromancy            3
Miscellaneous
 u - a lamp of fire
 C - a lightning rod (4/4)
Comestibles
 d - 28 rations


   Skills:
 + Level 9.9 Fighting
 + Level 9.2 Axes
 + Level 9.8 Armour
 - Level 4.1 Shields
 + Level 2.6 Evocations


You had 10 spell levels left.
You didn't know any spells.

Dungeon Overview and Level Annotations

Branches:
Dungeon (11/15)            Temple (0/1) D:5            Lair (0/6) D:11
    Orc (0/2) D:11

Shops:
D:8 [?

Annotations:
D:9 Mirai's ghost, novice DsBe


Innate Abilities, Weirdness & Mutations

You have an increased reservoir of magic. (+10% MP)
You have sharp fingernails.
Your movements are slightly less encumbered by armour. (ER -2)


Message History

The red ugly thing is lightly wounded.
The red ugly thing engulfs you but does no damage.
You hit the red ugly thing but do no damage.
The red ugly thing is lightly wounded.
The red ugly thing engulfs you but does no damage.
You slash the red ugly thing!
The red ugly thing is moderately wounded.
The red ugly thing engulfs you!
You are engulfed in flames!
You hit the red ugly thing.
The red ugly thing is moderately wounded.
The red ugly thing engulfs you!
You are engulfed in flames!!
* * * LOW HITPOINT WARNING * * *
You are too injured to fight recklessly!
The red ugly thing engulfs you but does no damage.
You see here 13 sling bullets.
As you read the scroll of teleportation, it crumbles to dust.
You feel strangely unstable. The red ugly thing engulfs you!
* * * LOW HITPOINT WARNING * * *
You are engulfed in flames!!
You die...

#..#..#...##..##.......
#. #.... #..##..#.....
... #..#
#..##.###..##.... .
##..####..#..# ..# ..##
..##....)#...#.##
.....##
#....###)<......##
....#.
##.....###).......
.....
##.............##..
..... ##...###...@...##
. ..... ##....
##.u...## .... ......
##....## #
#......###.....#
............###.#
.....##.(#### #..
...#...## ... .###
.........# #.. ....
...#####.## ## ...[


You could see a red ugly thing.

Vanquished Creatures
  A two-headed ogre (D:10)
  An unseen horror (D:10)
  The ghost of soepske the Covert, a novice KoMo of Wu Jian (D:7)
  Pikel (D:9)
  A gargoyle (D:10)
  2 trolls
  Prince Ribbit (D:7)
  A shadow (D:7)
  12 yaks
  A basilisk (D:7)
  2 steam dragons
  Grum (D:11)
  2 wargs (D:11)
  A water moccasin (D:11)
  A soldier ant (D:10)
  An orc warrior (D:11)
  A hornet zombie (D:11)
  3 ice beasts
  3 ogres
  2 phantoms
  5 centaurs
  4 wolves (D:11)
  A big kobold (D:10)
  A gnoll sergeant (D:10)
  10 bullfrogs
  A wyvern zombie (D:11)
  2 scorpions
  9 killer bees (D:8)
  3 spriggan skeletons (D:10)
  4 howler monkeys
  A troll skeleton (D:10)
  6 crimson imps
  3 bullfrog zombies
  A quasit (D:8)
  2 bullfrog skeletons
  3 orc priests
  3 centaur skeletons
  7 hounds
  A jelly (D:6)
  10 orc wizards
  Natasha (thrice) (D:2)
  10 worker ants
  A worker ant zombie (D:7)
  11 gnolls
  A howler monkey skeleton (D:9)
  12 adders
  A shadow imp (D:7)
  3 oozes
  3 adder skeletons
  3 worms
  5 leopard geckos
  31 orcs
  9 giant cockroaches
  4 goblins
  3 hobgoblins (D:1)
  2 jackals (D:3)
  7 quokkas
  A bat (D:2)
  2 frilled lizards
  6 kobolds
  A leopard gecko zombie (D:7)
  5 rats
240 creatures vanquished.

Vanquished Creatures (others)
  2 slaves (D:9)
  An orc wizard (D:9)
  A worker ant zombie (D:9)
  2 orcs (D:9)
6 creatures vanquished.

Grand Total: 246 creatures vanquished

Notes
Turn   | Place    | Note
-------+----------+-------------------------------------------
     0 | D:1      | Mesmaeker13 the Demigod Wanderer began the quest for the Orb.
     0 | D:1      | Mesmaeker13 set off with: a +2 hand axe, a +0 ring mail, a +0 buckler, a ration
     0 | D:1      | Reached XP level 1. HP: 19/19 MP: 3/3
   241 | D:1      | Reached XP level 2. HP: 27/27 MP: 5/5
   743 | D:2      | Noticed Natasha
   759 | D:2      | Killed Natasha
   759 | D:2      | Reached XP level 3. HP: 26/33 MP: 6/6
  1248 | D:2      | Noticed Natasha
  1255 | D:2      | Killed Natasha
  1255 | D:2      | Reached XP level 4. HP: 31/40 MP: 7/7
  1856 | D:2      | Noticed Natasha
  1861 | D:2      | Killed Natasha
  2270 | D:3      | Found an iron altar of Okawaru.
  2270 | D:3      | Found a white marble altar of Elyvilon.
  2276 | D:3      | Found a bloodstained altar of Trog.
  2278 | D:3      | Found a hazy altar of Hepliaklqana.
  2285 | D:3      | Found a shattered altar of Ashenzari.
  2567 | D:4      | Reached XP level 5. HP: 43/47 MP: 8/8
  3389 | D:4      | Got a transparent leather armour
  3401 | D:4      | Identified the +1 leather armour of Lilacs {rF++ Int+4 Dex-5 Stlth+} (You found it on level 4 of the Dungeon)
  3558 | D:4      | Found a stormy altar of Qazlal.
  3723 | D:5      | Entered Level 5 of the Dungeon
  3828 | D:5      | Reached XP level 6. HP: 50/53 MP: 9/9
  4257 | D:5      | Found a deep blue altar of Sif Muna.
  4490 | D:4      | Reached skill level 5 in Fighting
  4610 | D:5      | Found a staircase to the Ecumenical Temple.
  4695 | D:5      | Reached XP level 7. HP: 37/61 MP: 10/10
  5030 | D:6      | Reached skill level 5 in Armour
  6077 | D:7      | Reached XP level 8. HP: 63/70 MP: 11/11
  6222 | D:7      | Noticed soepske's ghost (novice KoMo)
  6307 | D:7      | Killed soepske's ghost
  6307 | D:7      | Reached skill level 5 in Axes
  6903 | D:7      | Noticed Prince Ribbit
  6912 | D:7      | Killed Prince Ribbit
  6931 | D:7      | Reached XP level 9. HP: 37/79 MP: 12/12
  7213 | D:7      | Gained mutation: You have sharp fingernails. [potion of mutation]
  7213 | D:7      | Gained mutation: Your movements are slightly less encumbered by armour. (ER -2) [potion of mutation]
  7938 | D:7      | Got a distressingly furry helmet
  7944 | D:7      | Got an ichor-stained plate armour
  7946 | D:7      | Got a shimmering bone ring
  7947 | D:7      | Identified the ring "Usocvuha" {+Inv rElec EV+2} (You found it on level 7 of the Dungeon)
  7958 | D:7      | Identified the +6 plate armour of Ujic {*Contam rElec rPois SInv} (You found it on level 7 of the Dungeon)
  7966 | D:7      | Identified the +0 helmet "Vabaturph" {Dex+3} (You found it on level 7 of the Dungeon)
  8339 | D:8      | Found Owaesm's Magic Scroll Shoppe.
  8342 | D:8      | Bought a scroll of identify for 26 gold pieces
  8394 | D:8      | Found Ragridwo's Antique Armour Shop.
  8407 | D:8      | Bought a pair of glowing boots for 195 gold pieces
  9668 | D:9      | Reached XP level 10. HP: 57/90 MP: 13/13
  9844 | D:9      | Noticed Pikel
  9858 | D:9      | Paralysed by Pikel for 2 turns
  9864 | D:9      | Killed Pikel
 10152 | D:9      | Noticed Mirai's ghost (novice DsBe)
 10341 | D:9      | Found a shimmering altar of Xom.
 10342 | D:9      | Found an ornate altar of the Wu Jian Council.
 10470 | D:10     | Entered Level 10 of the Dungeon
 10701 | D:10     | Noticed a two-headed ogre
 10712 | D:10     | Killed a two-headed ogre
 11279 | D:10     | Noticed an unseen horror
 11320 | D:10     | Killed an unseen horror
 11344 | D:10     | Reached XP level 11. HP: 86/99 MP: 15/15
 11902 | D:11     | Found a staircase to the Lair.
 11921 | D:11     | Noticed Grum
 11936 | D:11     | Killed Grum
 12259 | D:11     | Found a staircase to the Orcish Mines.
 12362 | D:11     | Got a faintly glowing falchion
 12606 | D:11     | Slain by a red ugly thing

Skill      XL: |  1  2  3  4  5  6  7  8  9 10 11 |
---------------+----------------------------------+-----
Armour         | 3 4 5 6 8 9 |  9.8
Fighting       | 4 5 7 8 9 |  9.9
Axes           | 2 3 4 5 7 8 9 |  9.2
Shields        | 2 3 4 |  4.1
Evocations     | 2 |  2.6

Action                   |  1- 3 |  4- 6 |  7- 9 | 10-12 || total
-------------------------+-------+-------+-------+-------++-------
Melee: Hand axe          |    71 |   251 |   310 |       ||   632
       War axe           |       |       |   244 |   384 ||   628
Throw: Javelin           |       |       |     3 |       ||     3
       Throwing net      |       |       |     1 |       ||     1
Evoke: Wand              |       |     2 |     4 |     8 ||    14
  Use: Scroll            |     5 |     5 |     5 |     3 ||    18
       Potion            |       |     1 |    12 |       ||    13
  Eat: Chunk             |     1 |    10 |    15 |     9 ||    35
       Ration            |       |     1 |       |       ||     1
Armor: Ring mail         |    25 |    15 |       |       ||    40
       Scale mail        |       |   117 |    55 |       ||   172
       Skin              |       |     1 |    36 |       ||    37
       Plate armour      |       |       |   316 |   240 ||   556
Dodge: Dodged            |    29 |    85 |   206 |   162 ||   482
Block: Buckler           |     9 |    53 |   148 |    95 ||   305
